 Dungeon Sprint DCSS version 0.24.1-14-gf8d2b509d9 (webtiles) character file.

Game seed: 16803501785992863888, levelgen mode: deterministic

449 Baz the Transmogrifier (level 7, -4/54 HPs)
             Began as an Octopode Transmuter on Oct 3, 2020.
             Was an Initiate of Sif Muna.
             Slain by Sonja
             ... wielding a +2 dagger of distortion
              (6 damage)
             ... in the Dungeon (Sprint I: "Red Sonja").
             The game lasted 00:02:57 (570 turns).

Baz the Transmogrifier (Octopode Transmuter)         Turns: 570, Time: 00:02:58

Health: -4/54      AC:  1    Str:  9    XL:     7   Next: 4%
Magic:  6/11       EV: 14    Int: 18    God:    Sif Muna [......]
Gold:   118        SH:  0    Dex: 12    Spells: 3/12 levels left

rFire    . . .     SeeInvis .     - Unarmed
rCold    . . .     Gourm    .   (shield currently unavailable)
rNeg     . . .     Faith    .   (helmet restricted)
rPois    .         Spirit   .   (no amulet)
rElec    .         Reflect  .   (no ring)
rCorr    .         Harm     .   (no ring)
MR       .....     NoTele   +   (no ring)
Stlth    ++........             (no ring)
HPRegen  0.18/turn              (no ring)
MPRegen  0.12/turn              (no ring)
                                (no ring)
                                (no ring)

@: lethally poisoned (-4 -> -20), blade tentacles, slowed, very slow
A: almost no armour, stealthy swim, amphibious, 8 rings, constrict 8, camouflage
1, gelatinous body 1
a: End Transformation, Renounce Religion


You were in the Dungeon.
You worshipped Sif Muna.
Sif Muna was noncommittal.
You were not hungry.
You had blades for tentacles.
You visited 1 branch You collected 310 gold pieces.
You spent 192 gold pieces at shops.

Inventory:

Missiles
 a - 12 arrows
Scrolls
 h - a scroll of remove curse {unknown}
 i - 2 scrolls of blinking
Potions
 d - a potion of curing
 e - a potion of heal wounds
 f - a potion of haste
 g - 2 potions of magic
Comestibles
 b - 3 chunks of flesh
 c - 3 rations


   Skills:
 + Level 7.0 Fighting
 + Level 3.2 Dodging
 + Level 7.6 Unarmed Combat
 + Level 3.1 Spellcasting
 * Level 10.1 Transmutations


You had 3 spell levels left.
You knew the following spells:

 Your Spells              Type           Power        Failure   Level  Hunger
a - Beastly Appendage     Tmut           #####.       10%         1    None
b - Spider Form           Tmut/Pois      ###.......   36%         3    ###....
c - Blade Hands           Tmut           #####.....   38%         5    ######.

Your spell library contained the following spells:

 Spells                   Type           Power        Failure   Level  Hunger
 Sticks to Snakes         Tmut           #####...     11%         2    ##.....
 Corona                   Hex            #......      56%         1    None
 Ensorcelled Hibernation  Hex/Ice        #.....       67%         2    ##.....
 Confuse                  Hex            #.......     83%         3    ###....
 Dazzling Spray           Conj/Hex       #.....       83%         3    ###....
 Tukima's Dance           Hex            #.......     83%         3    ###....
 Ice Form                 Ice/Tmut       ###.....     63%         4    ####...


Dungeon Overview and Level Annotations

Branches:
Dungeon (1/1)

Altars:
Cheibriados
Dithmenos
Elyvilon
Fedhas
Gozag
Hepliaklqana
Kikubaaqudgha
Nemelex Xobeh
Okawaru
Qazlal
Ru
Sif Muna
Trog
Uskayaw
Vehumet
Wu Jian
Yredelemnul
Zin
The Shining One

Shops:
D *

Annotations:
D Sonja


Innate Abilities, Weirdness & Mutations

You cannot wear most types of armour.
You are very stealthy in the water. (Stealth+)
You are amphibious.
You can wear up to eight rings at the same time.
You can use your tentacles to constrict eight enemies at once.
Your skin changes colour to match your surroundings (Stealth+).
Your rubbery body absorbs attacks. (AC +1, EV +1)


Message History

You miss Sonja. Your grab misses Sonja.
You feel sick.
Sonja hits you with a +2 dagger of distortion.
Space warps horribly around you!
Sonja hits you with a +2 dagger of distortion.
Space warps horribly around you!
* * * LOW HITPOINT WARNING * * *
Sonja hits you with a +2 dagger of distortion.
* * * LOW HITPOINT WARNING * * *
You feel a strange sense of stasis.
You slash Sonja! Your grab misses Sonja. Your slash misses Sonja.
Sonja is moderately wounded.
* * * LOW HITPOINT WARNING * * *
You feel sick.
Sonja hits you with a +2 dagger of distortion.
* * * LOW HITPOINT WARNING * * *
You feel a strange sense of stasis.
Sonja hits you with a +2 dagger of distortion.
* * * LOW HITPOINT WARNING * * *
Space bends around you.
You die...

#..[..#..'..#..+
#..#####'#####'#
#..####..#...#.#
#..#__####..##.#
#..#_____##'#_.+
#⌠⌠#_.∩..÷'.(._#
####_..__##_.#'#
#_____###(#.#
####### #@###


+$K$+ #$.$# ##.## #+# You could see Sonja.

Vanquished Creatures
  Sigmund (D)
  A yak (D)
  An ogre (D)
  A jelly (D)
  Ijyb (D)
5 creatures vanquished.

Notes
Turn   | Place    | Note
-------+----------+-------------------------------------------
     0 | D        | Baz the Octopode Transmuter began the quest for the Orb.
     0 | D        | Reached XP level 1. HP: 13/13 MP: 3/3
     1 | D        | Noticed Ijyb
     8 | D        | Killed Ijyb
     8 | D        | Reached skill level 4 in Transmutations
     8 | D        | Reached XP level 2. HP: 20/20 MP: 3/5
     8 | D        | Reached XP level 3. HP: 25/25 MP: 3/6
    57 | D        | Learned a level 3 spell: Spider Form
    95 | D        | Noticed an ogre
   104 | D        | Killed an ogre
   104 | D        | Reached skill level 5 in Unarmed Combat
   104 | D        | Reached skill level 6 in Transmutations
   104 | D        | Reached XP level 4. HP: 34/34 MP: 4/7
   146 | D        | Noticed Sigmund
   154 | D        | Killed Sigmund
   154 | D        | Reached skill level 9 in Transmutations
   154 | D        | Reached XP level 5. HP: 27/41 MP: 4/8
   154 | D        | Reached XP level 6. HP: 30/46 MP: 4/9
   271 | D        | Found an ornate altar of the Wu Jian Council.
   271 | D        | Found a shimmering blue altar of Sif Muna.
   274 | D        | Found a radiant altar of Vehumet.
   326 | D        | Learned a level 5 spell: Blade Hands
   330 | D        | Became a worshipper of Sif Muna the Loreminder
   354 | D        | Found Biboad's General Store.
   354 | D        | Found an ancient bone altar of Kikubaaqudgha.
   354 | D        | Found a hazy altar of Hepliaklqana.
   354 | D        | Found a stormy altar of Qazlal.
   354 | D        | Found a hide-covered altar of Uskayaw.
   354 | D        | Found a blossoming altar of Fedhas.
   354 | D        | Found a bloodstained altar of Trog.
   354 | D        | Found an iron altar of Okawaru.
   354 | D        | Found a basalt altar of Yredelemnul.
   354 | D        | Found a glowing golden altar of the Shining One.
   354 | D        | Found a snail-covered altar of Cheibriados.
   354 | D        | Found a sacrificial altar of Ru.
   354 | D        | Found a glowing silver altar of Zin.
   354 | D        | Found a shadowy altar of Dithmenos.
   354 | D        | Found a white marble altar of Elyvilon.
   354 | D        | Noticed a yak
   356 | D        | Found an opulent altar of Gozag.
   367 | D        | Killed a yak
   367 | D        | Reached skill level 10 in Transmutations
   367 | D        | Reached XP level 7. HP: 21/54 MP: 7/11
   368 | D        | Found a sparkling altar of Nemelex Xobeh.
   557 | D        | Bought a scroll of blinking for 82 gold pieces
   557 | D        | Bought a ration for 55 gold pieces
   557 | D        | Bought a ration for 55 gold pieces
   565 | D        | Noticed Sonja
   570 | D        | HP: 2/54 [Sonja/+2 dagger of distortion (4)]
   570 | D        | Slain by Sonja

Levels and vault maps discovered:
D:        dungeon_sprint_1 [red_sonja_temple_1, red_sonja_temple_small_1]

Skill      XL: |  1  2  3  4  5  6 |
---------------+-------------------+-----
Fighting       | 2 4 6 7 |  7.0
Unarmed Combat | 4 5 6 7 |  7.6
Transmutations | 4 6 9 10 | 10.1
Dodging        | 3 |  3.2
Spellcasting   | 3 |  3.1

Action                   |  1- 3 |  4- 6 |  7- 9 || total
-------------------------+-------+-------+-------++-------
Melee: Unarmed           |    13 |    20 |     2 ||    35
       Constrict         |     1 |       |       ||     1
 Cast: Beastly Appendage |     1 |       |       ||     1
       Spider Form       |     1 |     3 |       ||     4
       Blade Hands       |       |       |     1 ||     1
  Use: Potion            |     1 |       |       ||     1
 Stab: Sleeping          |       |     1 |       ||     1
Armor: Skin              |     1 |       |       ||     1
Dodge: Dodged            |     6 |    11 |     2 ||    19
